 Dungeon Crawl Stone Soup version 0.29-a0-414-g5075937ec3 (webtiles) character file.

Game seed: 497007095024237436

302 Bruhh the Ducker (level 6, -1/44 HPs)
             Began as a Merfolk Gladiator on May 15, 2022.
             Slain by a bullfrog (7 damage)
             ... in a sewer.
             The game lasted 00:04:00 (3468 turns).

Bruhh the Ducker (Merfolk Gladiator)                Turns: 3468, Time: 00:04:00

Health: -1/44      AC:  5    Str: 14    XL:     6   Next: 37%
Magic:  6/6        EV: 15    Int:  7    God:
Gold:   235        SH:  0    Dex: 18    Spells: 5/5 levels left

rFire   . . .      SeeInvis .   a - +0 long sword
rCold   . . .      Faith    .   (no shield)
rNeg    . . .      Spirit   .   b - +0 leather armour
rPois   .          Reflect  .   c - +0 helmet
rElec   .          Harm     .   (no cloak)
rCorr   .          Rampage  .   (no gloves)
Will    .....                   n - +0 pair of boots
Stlth   +.........              (no amulet)
HPRegen 0.14/turn               (no ring)
MPRegen 0.10/turn               (no ring)

@: mighty, lethally poisoned (-1 -> -2), flying, hasted, very quick
A: (nimble swimmer 2), mertail
a: no special abilities


You were in a sewer.
You visited 1 branch of the dungeon, and saw 3 of its levels.
You also visited: Sewer.

You collected 235 gold pieces.

Inventory:

Hand Weapons
 a - a +0 long sword (weapon)
Missiles
 d - 3 throwing nets (quivered)
 e - a javelin
 i - 5 poisoned darts
Armour
 b - a +0 leather armour (worn)
 c - a +0 helmet (worn)
 n - a +0 pair of boots (worn)
Wands
 m - a wand of polymorph (9)
Scrolls
 h - a scroll of acquirement {unknown}
 j - a scroll of identify {unknown}
 o - 4 scrolls of teleportation {unknown}
 p - a scroll of fear {unknown}
Potions
 f - a potion of might
 g - a potion of flight
 k - a potion of degeneration {unknown}
 q - a potion of attraction {unknown}


   Skills:
 - Level 2.1 Fighting
 + Level 6.4 Long Blades
 - Level 2.0 Throwing
 + Level 7.0 Dodging


You had 5 spell levels left.
You didn't know any spells.
Your spell library was empty.

Dungeon Overview and Level Annotations

Branches:
Dungeon (3/15)              Sewer (1/1)

Altars:
Wu Jian
Xom


Innate Abilities, Weirdness & Mutations

((You are very nimble when in or above water. (Stealth+, EV+, Speed+++)))
Your lower body shifts to a powerful aquatic tail in water.


Message History

You slash the bullfrog!
You kill the bullfrog!
You feel sick. The bullfrog hits you. The adder bites you.
The adder bites you but does no damage. The bullfrog misses you.
Your Dodging skill increases to level 7!
You hit the bullfrog.
The bullfrog is lightly wounded.
You feel sick.
The adder closely misses you. x2; The bullfrog hits you!
The adder barely misses you.
Unknown command.
You are too injured to fight recklessly!
It was a potion of flight.
You feel very buoyant.
Your tail turns into legs as you fly out of the water.
Your +0 pair of boots unmelds from your body.
You feel sick. The bullfrog misses you. The adder closely misses you.
The adder bites you but does no damage. The bullfrog misses you.
The adder barely misses you.
It was a potion of might.
You feel very mighty all of a sudden.
You feel sick.
You are no longer poisoned.
The bullfrog barely misses you. The adder barely misses you.
The adder bites you.
You are poisoned.
The adder poisons you!
You slash the adder!
The adder is severely wounded.
You feel sick. The bullfrog hits you.
* * * LOW HITPOINT WARNING * * *
The adder bites you.
* * * LOW HITPOINT WARNING * * *
The adder bites you but does no damage. The bullfrog closely misses you.
The adder bites you.
* * * LOW HITPOINT WARNING * * *
It was a potion of haste.
You feel yourself speed up.
You feel sick. The adder misses you. The bullfrog misses you.
The adder barely misses you. The adder closely misses you.
You feel sick. The quokka closely misses you. The bullfrog hits you!
You die...

............†....≈≈≈≈≈.≈...#
######################≈≈≈≈.#
#≈≈≈≈.# #≈≈≈≈.# ########
#.≈≈≈.# ##≈≈≈≈≈≈#### #≈≈≈≈.#
≈≈≈≈≈≈†S≈≈≈####≈≈≈≈.#
≈≈≈≈≈≈≈≈Sr≈≈≈##≈≈≈≈≈#
≈≈≈≈≈≈≈≈F@≈≈≈≈#≈≈≈≈≈#
≈≈≈≈.≈≈≈..≈≈≈≈≈≈≈≈B≈#
≈.≈.(?..≈.≈≈≈≈≈≈≈≈≈≈#
≈≈.[?$≈≈.≈≈≈≈≈≈≈≈≈≈.#
≈≈≈≈?≈≈≈.≈≈≈≈≈≈≈≈≈≈≈#
≈≈≈≈≈≈≈.≈≈≈≈≈≈≈≈≈≈≈≈#
≈≈≈≈≈≈≈.≈≈≈≈≈≈≈≈≈≈≈#
≈≈≈≈≈≈≈≈≈≈≈≈≈.≈≈≈≈# ######≈
≈≈≈≈≈≈≈≈≈≈≈.≈≈≈.#


You could see a bullfrog, 2 adders and a quokka.

Vanquished Creatures
  An ogre (D:2)
  A bullfrog (Sewer)
  5 adders
  3 gnolls (D:2)
  A river rat (D:3)
  2 worms
  2 dart slugs
  An orc (D:3)
  4 bats
  3 endoplasms
  9 giant cockroaches
  2 goblins
  4 hobgoblins
  6 quokkas
  6 ball pythons
  7 frilled lizards
  2 kobolds (D:1)
  10 rats
69 creatures vanquished.

Notes
Turn   | Place    | Note
-------+----------+-------------------------------------------
     0 | D:1      | Bruhh the Merfolk Gladiator began the quest for the Orb.
     0 | D:1      | Reached XP level 1. HP: 16/16 MP: 1/1
   250 | D:1      | Reached XP level 2. HP: 20/22 MP: 2/2
   823 | D:2      | Reached XP level 3. HP: 5/27 MP: 3/3
  1095 | D:2      | Noticed an ogre
  1580 | D:2      | Killed an ogre
  1581 | D:2      | Reached skill level 5 in Long Blades
  1581 | D:2      | Reached skill level 5 in Dodging
  1581 | D:2      | Reached XP level 4. HP: 33/33 MP: 4/4
  1779 | D:2      | Reached XP level 5. HP: 38/38 MP: 5/5
  1782 | D:2      | Reached skill level 6 in Dodging
  2485 | D:3      | Found an ornate altar of the Wu Jian Council.
  2694 | D:3      | Found a shimmering altar of Xom.
  3055 | D:3      | Found a glowing drain.
  3067 | Sewer    | Entered a sewer
  3132 | Sewer    | Reached XP level 6. HP: 29/44 MP: 6/6
  3462 | Sewer    | Reached skill level 7 in Dodging
  3468 | Sewer    | Slain by a bullfrog

Illustrated notes

Levels and vault maps discovered:
D:1:      minmay_arrival_solitary_statue, layout_basic
D:2:      layout_basic, serial_corexii_hall, chequers_hall_statues_wall_a,
          chequers_hall_statues_y, corexii_hall_statues_x, minivault_11
D:3:      layout_basic, mainiacjoe_overflow_small_starburst,
          mainiacjoe_overflow_concentric_impassable, gup_sewer_entry_bubbles,
          minmay_misc_feat_rows, minivault_26
Sewer:    sewer_frog_island_01

Skill      XL: |  1  2  3  4  5  6 |
---------------+-------------------+-----
Long Blades    | 4 5 6 |  6.4
Dodging        | 5 6 7 |  7.0
Fighting       | |  2.1
Throwing       | |  2.0

Action                   |  1- 3 |  4- 6 || total
-------------------------+-------+-------++-------
Melee: Long sword        |    48 |   174 ||   222
       Punch             |     2 |     1 ||     3
       Tailslap          |       |     1 ||     1
Throw: Throwing net      |     1 |       ||     1
  Use: Potion            |       |     3 ||     3
 Stab: Sleeping          |       |     4 ||     4
Armor: Leather armour    |    11 |    51 ||    62
Dodge: Dodged            |    46 |   230 ||   276

Table legend: (Time is in decaauts)
 A = Elapsed time spent in this place.
 B = Non-inter-level travel time spent in this place.
 C = Inter-level travel time spent in this place.
 D = Time resting spent in this place.
 E = Time spent auto-exploring this place.
 F = Levels seen in this place.
 G = Mean time per level.
                   A        B        C        D        E       F      G
               +--------+--------+--------+--------+--------+-----+--------+
         Total |   3459 |   3397 |     62 |    661 |   2126 |   4 |  864.8 |
       Dungeon |   3077 |   3015 |     62 |    661 |   1845 |   3 | 1025.7 |
         Sewer |    381 |    381 |      0 |      0 |    281 |   1 |  381.0 |
               +--------+--------+--------+--------+--------+-----+--------+

Top non-repeatable levels by time:
     D:1: 1521 daAuts
     D:2: 949 daAuts
     D:3: 606 daAuts
   Sewer: 381 daAuts
